 Dungeon Crawl Stone Soup version 0.29.1-1-gd02db6906a (webtiles) character file.

Game seed: 14160500074404852800

30 Icepheonix32 the Insei (level 3, 0/39 HPs)
             Began as a Merfolk Transmuter on Oct 5, 2022.
             Slain by a worm (8 damage)
             ... on level 2 of the Dungeon.
             The game lasted 00:01:07 (1416 turns).

Icepheonix32 the Insei (Merfolk Transmuter)         Turns: 1416, Time: 00:01:08

Health: 0/39       AC:  2    Str: 10    XL:     3   Next: 18%
Magic:  6/6        EV: 13    Int: 14    God:
Gold:   16         SH:  0    Dex: 20    Spells: 5/6 levels left

rFire   . . .      SeeInvis .     - Unarmed
rCold   . . .      Faith    .   (no shield)
rNeg    . . .      Spirit   .   a - +0 robe
rPois   .          Reflect  .   (no helmet)
rElec   .          Harm     .   (no cloak)
rCorr   .          Rampage  .   (no gloves)
Will    .....                   (no boots)
Stlth   ..........              (no amulet)
HPRegen 0.13/turn               e - +6 ring of dexterity
MPRegen 0.10/turn               (no ring)

@: berserking, very quick
A: (nimble swimmer 2), mertail
a: no special abilities


You were on level 2 of the Dungeon.
You visited 1 branch of the dungeon, and saw 2 of its levels.

You collected 16 gold pieces.

Inventory:

Armour
 a - a +0 robe (worn)
Jewellery
 e - a +6 ring of dexterity (left hand)
Potions
 b - a potion of lignification
 f - a potion of attraction {unknown}
 g - a potion of brilliance {unknown}


   Skills:
 + Level 1.1 Fighting
 + Level 2.9 Dodging
 + Level 4.0 Unarmed Combat
 + Level 2.3 Spellcasting
 * Level 3.1 Transmutations


You had 5 spell levels left.
You knew the following spells:

 Your Spells              Type           Power      Damage    Failure   Level
a - Beastly Appendage     Tmut           20%        N/A       6%          1

Your spell library contained the following spells:

 Spells                   Type           Power      Damage    Failure   Level
 Wereblood                Tmut           10%        N/A       10%         2
 Spider Form              Tmut/Pois      6%         N/A       34%         3
 Ignite Poison            Fire/Tmut/Pois 4%         N/A       41%         3
 Conjure Flame            Conj/Fire      1%         6-21      56%         3
 Ice Form                 Ice/Tmut       6%         N/A       75%         4
 Sticky Flame             Conj/Fire      1%         2d3       92%         4


Dungeon Overview and Level Annotations

Branches:
Dungeon (2/15)

Altars:


Innate Abilities, Weirdness & Mutations

((You are very nimble when in or above water. (Stealth+, EV+, Speed+++)))
Your lower body shifts to a powerful aquatic tail in water.


Message History

The goblin shouts!
The worm bites you!
You hit the worm. You punch the worm.
The worm is moderately wounded.
Your transformation is almost over.
You hit the worm.
You headbutt the worm, but do no damage.
The worm is moderately wounded.
The worm barely misses you.
You barely miss the worm. You punch the worm.
The worm is severely wounded.
The goblin hits you with a +0 dagger.
You hit the worm.
You headbutt the worm, but do no damage.
The worm is severely wounded.
The goblin misses you. The worm bites you!
* * * LOW HITPOINT WARNING * * *
You are too injured to fight recklessly!
The endoplasm misses you. The goblin hits you with a +0 dagger.
* * * LOW HITPOINT WARNING * * *
There is a stone staircase leading up here.
An endoplasm comes into view.
Your horns disappear.
You hit the goblin.
You kill the goblin!
Your Unarmed Combat skill increases to level 4!
It was a potion of berserk rage.
A red film seems to cover your vision as you go berserk!
You feel yourself moving faster!
You feel mighty! The endoplasm misses you.
You hit the endoplasm.
The endoplasm is severely wounded.
You hit the endoplasm.
You kill the endoplasm!
You barely miss the worm.
The worm is moderately wounded.
You hit the worm.
The worm is severely wounded.
The worm bites you!
You die...

..J. #..#
####.. ...
#<..$.####.#
#..........#
#......#
#.....#.#.##
#####.#<# ..
..#w# ##
#..#@#
#....#
#.#### #.


You could see a worm.

Vanquished Creatures
  A dart slug (D:1)
  A bat (D:1)
  4 endoplasms
  3 giant cockroaches (D:1)
  2 goblins
  A hobgoblin (D:1)
  2 kobolds (D:1)
  7 ball pythons (D:1)
  4 rats (D:1)
25 creatures vanquished.

Notes
Turn   | Place    | Note
-------+----------+-------------------------------------------
     0 | D:1      | Icepheonix32 the Merfolk Transmuter began the quest for the
                  | Orb.
     0 | D:1      | Reached XP level 1. HP: 15/15 MP: 3/3
   394 | D:1      | Reached XP level 2. HP: 21/21 MP: 3/5
   670 | D:1      | Found a faded altar of an unknown god.
   908 | D:1      | Reached XP level 3. HP: 11/26 MP: 4/6
  1412 | D:2      | Reached skill level 4 in Unarmed Combat
  1416 | D:2      | Slain by a worm

Illustrated notes

Levels and vault maps discovered:
D:1:      onia_arrival_pentagram, layout_loops_corners,
          nicolae_ecumenical_snake_handling, minmay_bisected
D:2:      layout_basic, st_stairs_13, uniq_natasha, uniq_sigmund

Skill      XL: |  1  2  3 |
---------------+----------+-----
Transmutations | 3 |  3.1
Unarmed Combat | 4 |  4.0
Fighting       | |  1.1
Dodging        | |  2.9
Spellcasting   | |  2.3

Action                   || total
-------------------------++-------
Melee: Unarmed           ||    65
       Headbutt          ||    11
       Punch             ||     2
 Cast: Beastly Appendage ||    15
  Use: Scroll            ||     1
       Potion            ||     1
 Stab: Sleeping          ||     2
Armor: Robe              ||     8
Dodge: Dodged            ||    34
